Map: Акрополь РВ

Players

Murena

  • Race: Terran Terran
  • Spawn Location: 11:00

ИИ 1 (эксперт) - Winner!

  • Race: Terran Terran
  • Spawn Location: 5:00

VOD

Have the link to the VOD?

Description

Time

  • Played on: Aug. 6, 2019, 10:03 a.m.
  • Length: 9:18
Show
View Real Time Build Order
Export as new Build Order

Murena Terran 

Build Orders:  

Get SALT Encoding   

  12  0:01  SCV  
  13  0:14  Supply Depot  
  13  0:17  SCV  
  14  0:29  SCV  
  15  0:38  Barracks  
  15  0:42  SCV  
  16  0:48  Refinery  
  16  0:54  SCV  
  17  1:06  SCV  
  18  1:18  SCV  
  19  1:25  Marine  
  20  1:34  Command Center  
  20  1:38  SCV  
  21  1:44  Marine  
  22  1:50  Supply Depot  
  22  1:51  SCV  
  23  2:04  Factory  
  23  2:07  Barracks Tech Lab  
  23  2:16  Orbital Command  
  23  2:26  Marauder  
  25  2:33  Supply Depot  
  25  2:39  Refinery  
  25  2:42  SCV  
  26  2:49  Orbital Command  
  26  2:51  Factory Tech Lab  
  26  2:54  SCV  
  27  2:59  Marauder  
  29  3:08  SCV  
  29  3:10  Siege Tank  
  33  3:14  SCV  
  34  3:21  Marauder  
  34  3:22  SCV  
  34  3:26  SCV  
  38  3:28  Bunker  
  38  3:36  SCV  
  38  3:37  Starport  
  38  3:40  SCV  
  40  3:45  Marauder  
  40  3:47  Hellion  
  44  3:49  SCV  
  44  3:53  SCV  
  46  4:01  Factory  
  46  4:04  SCV  
  46  4:05  SCV  
  46  4:08  Supply Depot  
  46  4:09  Marauder  
  50  4:10  Concussive Shells  
  50  4:14  Hellion  
  50  4:16  Starport Tech Lab  
  52  4:17  SCV  
  52  4:18  SCV  
  54  4:28  Engineering Bay  
  54  4:31  Refinery, SCV  
  54  4:32  SCV  
  54  4:35  Marauder, Supply Depot  
  40  4:38  Medivac  
  58  4:43  Refinery  
  58  4:45  Factory Tech Lab  
  60  4:46  SCV x2  
  62  4:54  Supply Depot  
  62  4:55  Missile Turret  
  62  4:58  Missile Turret  
  62  4:59  SCV  
  64  5:00  SCV  
  64  5:03  Marauder  
  66  5:10  Siege Tank  
  66  5:12  SCV  
  70  5:16  SCV  
  70  5:19  Siege Tank  
  74  5:28  Marine  
  75  5:30  SCV x2  
  77  5:39  Command Center  
  77  5:40  Supply Depot  
  77  5:46  SCV  
  77  5:49  Stimpack  
  78  5:53  Barracks  
  78  5:57  Engineering Bay  
  78  6:01  Supply Depot  
  78  6:02  SCV  
  78  6:03  SCV  
  78  6:04  Siege Tank x2  
  86  6:11  Starport  
  86  6:16  Barracks  
  86  6:17  Supply Depot  
  86  6:27  Viking  
  86  6:28  Marauder  
  86  6:29  Terran Infantry Weapons Level 1  
  86  6:30  Terran Infantry Armor Level 1  
  86  6:32  SCV  
  91  6:33  SCV  
  91  6:38  Supply Depot  
  91  6:39  Hellion  
  94  6:40  Siege Tank  
  94  6:42  Barracks Tech Lab  
  97  6:47  SCV  
  97  6:48  SCV  
  97  6:49  Marine  
  97  6:51  Starport Tech Lab, Supply Depot  
  101  6:54  SCV  
  101  6:59  Bunker  
  101  7:00  SCV  
  103  7:01  SCV  
  103  7:03  Cyclone  
  103  7:07  Viking  
  108  7:10  Missile Turret  
  108  7:13  Orbital Command  
  108  7:14  Barracks Tech Lab  
  108  7:16  Marine x2  
  108  7:18  SCV  
  108  7:19  SCV  
  108  7:21  Hellion  
Show
View Real Time Build Order
Export as new Build Order

ИИ 1 (эксперт) Terran - Winner!

Build Orders:  

Get SALT Encoding   

  12  0:00  SCV  
  13  0:13  SCV  
  14  0:17  Supply Depot  
  14  0:25  SCV  
  15  0:28  Refinery  
  15  0:39  SCV  
  16  0:47  Barracks  
  16  0:51  SCV  
  17  1:03  SCV  
  18  1:09  Supply Depot  
  18  1:15  SCV  
  19  1:27  SCV  
  20  1:36  Marine  
  20  1:38  Factory  
  21  1:42  Barracks  
  21  1:43  SCV  
  22  1:53  Marine  
  23  1:55  SCV  
  24  2:01  Supply Depot  
  24  2:07  SCV  
  25  2:11  Marine  
  26  2:19  SCV  
  27  2:23  Factory Tech Lab  
  27  2:29  Marine  
  28  2:31  Marine, SCV  
  30  2:43  Siege Tank, SCV  
  34  3:00  Command Center, SCV  
  35  3:14  Orbital Command, Refinery  
  35  3:31  Factory  
  35  3:32  Marine  
  36  3:35  Marine  
  36  3:39  SCV  
  38  3:51  SCV  
  38  3:53  Supply Depot  
  39  4:11  SCV x2  
  39  4:14  Factory Tech Lab  
  39  4:15  Siege Tank  
  44  4:24  SCV x2  
  46  4:33  Marine, Siege Tank, Supply Depot  
  46  4:36  SCV x2  
  52  4:43  Supply Depot  
  52  4:48  SCV x2  
  52  4:51  Siege Tank  
  57  5:00  SCV x2, Supply Depot  
  57  5:01  Barracks Tech Lab  
  57  5:05  Marine  
  60  5:10  Refinery  
  60  5:12  SCV x2  
  62  5:14  Refinery  
  62  5:22  Stimpack  
  62  5:23  Marauder, Marine  
  62  5:24  SCV x2  
  67  5:34  Barracks  
  66  5:36  SCV  
  66  5:37  SCV  
  66  5:42  Barracks Tech Lab, Starport  
  68  5:44  Command Center  
  68  5:45  Marauder  
  68  5:48  SCV  
  68  5:49  Orbital Command  
  71  6:01  Marauder  
  73  6:05  Marine  
  73  6:07  Supply Depot  
  73  6:08  SCV  
  75  6:12  Engineering Bay  
  75  6:15  SCV  
  76  6:19  Medivac  
  76  6:20  SCV  
  76  6:21  Marine  
  76  6:22  Barracks Reactor  
  76  6:23  Combat Shield  
  76  6:24  Marauder  
  82  6:27  SCV  
  83  6:33  Supply Depot, SCV  
  83  6:39  SCV  
  87  6:40  Engineering Bay, Marauder  
  87  6:41  Terran Infantry Armor Level 1  
  87  6:45  Marine, SCV  
  89  6:49  Medivac  
  89  6:52  Missile Turret  
  91  6:56  Missile Turret, SCV  
  91  6:57  Supply Depot  
  91  6:58  SCV  
  91  6:59  SCV  
  96  7:01  Marauder  
  96  7:02  Marine  
  96  7:05  Marine  
  96  7:06  Terran Infantry Weapons Level 1, Marine  
  99  7:08  SCV  
  99  7:10  SCV  
  99  7:11  SCV  
  102  7:18  Missile Turret  
  102  7:20  SCV  
  102  7:21  Marauder  
  102  7:22  SCV  
  108  7:23  Marauder  
  108  7:24  SCV  
  108  7:26  Missile Turret, Concussive Shells  
  109  7:33  SCV  
  109  7:34  SCV, Supply Depot  
  109  7:36  SCV  
  112  7:42  Medivac, Marauder, Barracks  
  116  7:45  Marauder, SCV  
  116  7:46  SCV  
  116  7:48  SCV  
  121  7:55  Marine  
  121  7:56  Marine  
  121  7:57  SCV  
  121  7:58  Supply Depot  
  124  8:04  Marauder  
  119  8:06  Marine  
  96  8:13  Marine, Starport Reactor  
  96  8:14  Marine  
  85  8:24  Marauder  
  85  8:25  Missile Turret, Marauder  
  84  8:31  Marine  
  84  8:32  Marine  
  84  8:33  Orbital Command, Marine  
  81  8:45  Missile Turret, Marauder  
  81  8:46  Marine  
  84  8:49  Marine  
  84  8:50  Marine  
  84  8:51  Marine  
  91  9:02  Starport  
  91  9:05  Command Center, Armory  
Tags
 
Add a new tag
Caveats
  • Supply blocks, unpowered buildings, or Contaminate may cause inaccurate times.
  • Supply counts are checked every 10 seconds.